 Seeded DCSS version 0.31.0-12-g77e489cdc1 (webtiles) character file.

Game seed: 6191535086807984498 (custom seed)

3452 McKennaii the Destroyer (level 9, -4/62 HPs)
             Began as a Demigod Conjurer on Feb 29, 2024.
             Shot with a bolt by an orc warrior (11 damage)
             ... on level 9 of the Dungeon.
             The game lasted 00:08:45 (9610 turns).

McKennaii the Destroyer (Demigod Conjurer)          Turns: 9610, Time: 00:08:46

Health: -4/62      AC:  7    Str: 10    XL:     9   Next: 49%
Magic:  17/25      EV: 12    Int: 32    God:
Gold:   686        SH:  0    Dex: 12    Spells: 18/25 levels left

rFire   . . .        G - +6 falchion of the End of Times {venom, Str+2}
rCold   . . .        (no shield)
rNeg    . . .        a - +0 robe
rPois   .            f - +0 helmet
rElec   .            y - +0 cloak
rCorr   +            (no gloves)
SInv    .            t - +2 pair of boots
Will    +....        (no amulet)
Stlth   ++           z - ring of willpower
HPRegen 0.30/turn    A - ring of resist corrosion
MPRegen 0.19/turn

%: no passive effects
@: no status effects
A: high MP 1, forlorn, divine attributes
a: no special abilities


You were on level 9 of the Dungeon.
You visited 1 branch of the dungeon, and saw 9 of its levels.
You also visited: Ossuary.

You collected 686 gold pieces.

Inventory:

Hand Weapons
 G - the +6 falchion of the End of Times (weapon) {venom, Str+2}
   (You found it on level 9 of the Dungeon)

   Str+2:     It affects your strength (+2).
Armour
 a - a +0 robe (worn)
 f - a +0 helmet (worn)
 t - a +2 pair of boots (worn)
 y - a +0 cloak (worn)
Jewellery
 z - a ring of willpower (left hand)
 A - a ring of resist corrosion (right hand)
 B - a ring of poison resistance
Wands
 M - a wand of acid (4)
 N - a wand of iceblast (5)
Scrolls
 d - 6 scrolls of teleportation {unknown}
 g - 2 scrolls of enchant weapon {unknown}
 i - a scroll of fog {unknown}
 j - 3 scrolls of noise {unknown}
 k - 5 scrolls of identify {unknown}
 m - a scroll of summoning {unknown}
 r - 2 scrolls of revelation {unknown}
 s - 2 scrolls of silence {unknown}
 x - 3 scrolls of enchant armour {unknown}
 C - 2 scrolls of vulnerability {unknown}
 D - a scroll of torment {unknown}
 E - a scroll of blinking {unknown}
 F - a scroll of amnesia {unknown}
 I - a scroll of brand weapon {unknown}
 J - a scroll of poison {unknown}
 K - a scroll of acquirement {unknown}
 O - a scroll of fear {unknown}
Potions
 b - 3 potions of magic
 c - 3 potions of cancellation {unknown}
 e - 2 potions of berserk rage {unknown}
 h - 3 potions of might {unknown}
 l - 3 potions of curing
 n - 3 potions of degeneration {unknown}
 o - a potion of brilliance {unknown}
 p - 2 potions of haste {unknown}
 q - a potion of attraction {unknown}
 u - 3 potions of enlightenment {unknown}
 v - 2 potions of mutation {unknown}
 w - 2 potions of heal wounds {unknown}
 H - a potion of lignification {unknown}
 L - a potion of resistance {unknown}


   Skills:
 - Level 1.7 Dodging
 - Level 1.7 Stealth
 + Level 8.5 Spellcasting
 + Level 9.9 Conjurations


You had 18 spell levels left.
You knew the following spells:

 Your Spells              Type           Power      Damage    Failure   Level
a - Magic Dart            Conj           100%       1d8       1%          1
b - Searing Ray           Conj           100%       2d8       1%          2
c - Iskenderun's Mystic   Conj/Tloc      45%        2d10      4%          4

Your spell library contained the following spells:

 Spells                   Type           Power      Damage    Failure   Level
 Flame Wave               Conj/Fire      45%        2d12      4%          4
 Fulminant Prism          Conj/Alch      22%        3d12      4%          4
 Call Imp                 Summ           26%        N/A       5%          2
 Cigotuvi's Dreadful Rot  Necr/Alch/Air  26%        N/A       5%          2
 Sublimation of Blood     Necr           13%        N/A       5%          2
 Inner Flame              Hex/Fire       13%        N/A       11%         3
 Animate Dead             Necr           13%        N/A       34%         4
 Dispel Undead            Necr           13%        3d9       34%         4
 Martyr's Knell           Necr/Summ      13%        N/A       34%         4
 Sticky Flame             Fire/Alch      13%        2d5       34%         4
 Borgnjor's Vile Clutch   Necr/Erth      6%         N/A       69%         5
 Death Channel            Necr           6%         N/A       99%         6
 Summon Hydra             Summ           6%         N/A       100%        7


Dungeon Overview and Level Annotations

Branches:
Dungeon (9/15)             Temple (0/1) D:7            Lair (0/5) D:9
Ossuary (visited)
    Orc: D:9-12

Shops:
D:2 (   D:5 [:   D:8 (


Innate Abilities, Weirdness & Mutations

You have an increased reservoir of magic. (+10% MP)
You shall have no god before yourself.
Your divine heritage dramatically boosts your attributes as you level up.


Message History

The magic dart hits the orc but does no damage.
The magic dart hits the orc but does no damage.
The magic dart hits the orc.
The orc is moderately wounded.
An orc warrior comes into view. It is wielding a +0 mace.
The magic dart hits the orc.
You kill the orc!
The orc warrior shouts!
The orc warrior unwields a +0 mace.
The orc warrior wields a +0 arbalest.
The orc warrior shoots a bolt.
The bolt closely misses you.
The magic dart hits the orc warrior!
The orc warrior is moderately wounded.
The orc warrior shoots a bolt.
The bolt hits you!
The orc warrior shoots a bolt.
The bolt closely misses you.
The orc warrior shoots a bolt.
The bolt hits you!!
Casting: Magic Dart (safe; 1% risk of failure)
Confirm with . or Enter, or press ? or * to list all spells.
You can't see any susceptible monsters within range! (Use Z to cast anyway.) Unknown command.
The orc warrior shoots a bolt.
The bolt closely misses you.
Casting: Magic Dart (safe; 1% risk of failure)
Confirm with . or Enter, or press ? or * to list all spells.
Aiming: Searing Ray (safe; 1% risk of failure)
Press: ? - help, Shift-Dir - straight line, f/p - orc warrior
Aim: an orc warrior, wielding a +0 arbalest and wearing a +0 chain mail (lightly wounded, 81% to hit)
The searing ray hits the orc warrior!
The orc warrior is severely wounded. (Press . to maintain the ray.)
The orc warrior shoots a bolt.
The bolt hits you!
The searing ray hits the orc warrior.
The orc warrior is severely wounded.
The orc warrior shoots a bolt.
The bolt hits you!
* * * LOW HITPOINT WARNING * * *
The searing ray hits the orc warrior.
The orc warrior is almost dead.
The searing ray hits the orc warrior.
The orc warrior is almost dead.
You finish channelling your searing ray.
The orc warrior shoots a bolt.
The bolt hits you!
You die...

....≈ ##..#
#......≈#
#....#
#......≈##
##.....
......)§≈####
#......
............#
#......
............#
#......
........>..#
#.......
...........#
#.......
....o..@...#
.......
#.........)#
.......
##.........##
###..##
#...........#
##..##
....#....#.[#
#..#8.
...########.##
##..#.. ..#
#..#####..##8.
.#
#..##.........
##..##........


You could see an orc warrior.

Vanquished Creatures
  A kobold demonologist (D:9)
  A wyvern (D:7)
  A basilisk (D:9)
  2 water moccasins (D:8)
  3 orc warriors
  An ice beast (D:7)
  A black bear (D:6)
  2 centaurs
  2 kobold brigands
  6 bullfrogs
  2 gnoll sergeants
  A scorpion (D:4)
  7 wights
  A howler monkey (D:8)
  A bombardier beetle (D:4)
  5 hounds
  3 jellies
  3 orc priests
  A sleepcap (D:8)
  An iguana (D:5)
  8 orc wizards
  8 mummies (Ossuary)
  14 gnolls
  4 adders
  2 white imps
  2 dart slugs
  19 orcs
  3 ball pythons
  8 bats
  15 endoplasms
  2 giant cockroaches
  7 goblins
  3 jackals (D:5)
  16 kobolds
  3 quokkas
  8 frilled lizards
  A gnoll zombie (Ossuary)
  2 hobgoblin zombies (Ossuary)
  3 kobold zombies (Ossuary)
  2 orc zombies (Ossuary)
  3 rats
178 creatures vanquished.

Notes
Turn   | Place    | Note
-------+----------+-------------------------------------------
     0 | D:1      | McKennaii the Demigod Conjurer began the quest for the Orb.
     0 | D:1      | Reached XP level 1. HP: 14/14 MP: 5/5
   204 | D:1      | Reached XP level 2. HP: 20/20 MP: 1/7
   207 | D:1      | Learned a level 2 spell: Searing Ray
  1117 | D:2      | Reached skill level 4 in Conjurations
  1119 | D:2      | Reached XP level 3. HP: 16/26 MP: 1/9
  1214 | D:2      | Found Anyoj's Weapon Shoppe.
  1783 | D:2      | Reached XP level 4. HP: 33/33 MP: 5/11
  1788 | D:2      | Learned a level 4 spell: Iskenderun's Mystic Blast
  2740 | D:3      | Reached XP level 5. HP: 38/38 MP: 10/13
  3129 | D:4      | Reached skill level 5 in Conjurations
  3156 | D:4      | Found a sand-covered staircase.
  3162 | Ossuary  | Entered an ossuary
  3927 | D:4      | Reached XP level 6. HP: 16/45 MP: 6/15
  4795 | D:5      | Entered Level 5 of the Dungeon
  4965 | D:5      | Found Afef's Self-Published Books.
  5203 | D:5      | Reached skill level 6 in Conjurations
  5394 | D:5      | Found Asted's Armour Shoppe.
  5700 | D:6      | Reached skill level 5 in Spellcasting
  5700 | D:6      | Reached XP level 7. HP: 50/50 MP: 12/18
  6189 | D:6      | You fall into a shaft and drop 3 floors!
  6245 | D:9      | Identified the +6 falchion of the End of Times {venom,
                  | Str+2}
  6288 | D:9      | Reached skill level 7 in Conjurations
  6526 | D:9      | Found a staircase to the Lair.
  6526 | D:9      | Noticed a komodo dragon
  6526 | D:9      | Noticed a basilisk
  6606 | D:7      | Found a staircase to the Ecumenical Temple.
  6807 | D:7      | Reached XP level 8. HP: 32/57 MP: 15/20
  7317 | D:7      | Reached skill level 8 in Conjurations
  8367 | D:8      | Reached XP level 9. HP: 43/62 MP: 1/24
  8550 | D:8      | Found Ippainompa's Antique Weapon Boutique.
  8577 | D:8      | Reached skill level 9 in Conjurations
  9315 | D:9      | Noticed a kobold demonologist
  9502 | D:9      | Killed a kobold demonologist
  9610 | D:9      | Shot with a bolt by an orc warrior

Illustrated notes

Levels and vault maps discovered:
D:1:      nzn_arrival_crosshair, layout_basic, minmay_distorted
D:2:      cheibrodos_fertilizer, layout_loops_ring, serial_shops,
          nicolae_shop_statue_plus, shapermc_ecumenical_altar_acropolis
D:3:      layout_loops_cross, elyvilon_altar_5
D:4:      layout_basic, minitemple, enter_ossuary_5, minmay_misc_feat_rugged,
          minmay_misc_feat_alley, st_stairs_6, minmay_diced_spiral
D:5:      layout_loops_ring, serial_shops, shop, nicolae_custom_books
D:6:      layout_loops_ring, roderic_batcave
D:7:      layout_rooms, temple_fountains
D:8:      layout_loops_ring, kennysheep_little_box, serial_shops,
          nicolae_shop_stone
D:9:      layout_cave_pods, mainiacjoe_overflow_paths,
          nicolae_overflow_hidden_temple, mainiacjoe_overflow_small_starburst,
          lightli_temple_of_fire, david_lair_shrubbed, orc_0_dummy,
          serial_column_ruins, column_ruins_square_large,
          column_ruins_hut_ruined, column_ruins_columns_dead_end,
          column_ruins_grid_3, column_ruins_corridor_dead_end,
          column_ruins_open_tiny

Skill      XL: |  1  2  3  4  5  6  7  8  9 |
---------------+----------------------------+-----
Spellcasting   | 2 3 4 5 6 7 8 |  8.5
Conjurations   | 4 5 6 7 8 9 |  9.9
Dodging        | |  1.7
Stealth        | |  1.7

Action                     |  1- 3 |  4- 6 |  7- 9 || total
---------------------------+-------+-------+-------++-------
  Melee: Dagger            |       |     5 |       ||     5
         Falchion          |       |       |    11 ||    11
   Cast: Magic Dart        |    59 |   155 |   174 ||   388
         Searing Ray       |     1 |    15 |    30 ||    46
         Iskenderun's Myst |       |       |    13 ||    13
  Evoke: Wand              |       |       |     2 ||     2
    Use: Potion            |       |       |     1 ||     1
 Armour: Robe              |     5 |    15 |   112 ||   132
  Dodge: Dodged            |     5 |    21 |    89 ||   115
